 Dungeon Crawl Stone Soup version 0.28-a0-1374-ga75cb3825e (webtiles) character file.

Game seed: 8161380909571115680

74627 sanka the Grappler (level 15, -3/120 HPs)
             Began as a Gnoll Cinder Acolyte on Dec 30, 2021.
             Was a High Priest of Ignis.
             Slain by a skeletal warrior (9 damage)
             ... led by a skeletal warrior
             ... on level 12 of the Dungeon on Dec 31, 2021.
             The game lasted 01:20:31 (31652 turns).

sanka the Grappler (Gnoll Cinder Acolyte)          Turns: 31652, Time: 01:20:32

Health: -3/120     AC: 17    Str: 14    XL:     15   Next: 47%
Magic:  15/29      EV: 15    Int: 21    God:    Ignis [*****.]
Gold:   2322       SH:  0    Dex: 10    Spells: 12/35 levels left

rFire   + . .      SeeInvis .   a - +3 scimitar (flame)
rCold   . . .      Faith    .   (no shield)
rNeg    . . .      Spirit   .   q - +2 robe {Archmagi}
rPois   .          Reflect  .   h - +2 hat
rElec   .          Harm     .   N - +0 cloak
rCorr   .          Rampage  .   n - +0 pair of fencer's gloves {Riposte Dex+3}
Will    +....      Archmagi +   I - +2 pair of boots
Stlth   ++++......              z - amulet of the acrobat
HPRegen 0.30/turn               M - +4 ring of protection
MPRegen 0.21/turn               m - +4 ring of slaying

@: no status effects
A: fangs 1, strong nose, distributed training
a: Renounce Religion, Fiery Armour, Foxfire Swarm, Rising Flame


You were on level 12 of the Dungeon.
You worshipped Ignis.
Ignis was extremely pleased with you.
You visited 4 branches of the dungeon, and saw 21 of its levels.
You also visited: Sewer and Ice Cave.

You collected 2484 gold pieces.
You spent 162 gold pieces at shops.


Innate Abilities, Weirdness & Mutations

You have very sharp teeth.
Your uncanny sense of smell can sniff out nearby items.
Your experience applies equally to all skills.


   Skills:
 + Level 12.0 Fighting
 + Level 10.1 Short Blades
 + Level 10.1 Long Blades
 + Level 10.1 Axes
 + Level 10.1 Maces & Flails
 + Level 10.1 Polearms
 + Level 10.1 Staves
 + Level 10.1 Slings
 + Level 10.1 Bows
 + Level 10.1 Crossbows
 + Level 10.1 Throwing
 + Level 10.1 Armour
 + Level 10.1 Dodging
 + Level 10.1 Stealth
 + Level 10.1 Shields
 + Level 12.0 Unarmed Combat
 + Level 10.5 Spellcasting
 + Level 8.5 Conjurations
 + Level 8.5 Hexes
 + Level 8.5 Summonings
 + Level 8.5 Necromancy
 + Level 8.5 Translocations
 + Level 8.5 Transmutations
 + Level 10.1 Fire Magic
 + Level 8.5 Ice Magic
 + Level 8.5 Air Magic
 + Level 8.5 Earth Magic
 + Level 8.5 Poison Magic
 + Level 11.0 Invocations
 + Level 10.1 Evocations


You had 12 spell levels left.
You knew the following spells:

 Your Spells              Type           Power      Damage    Failure   Level
c - Mephitic Cloud        Conj/Pois/Air  63%        N/A       1%          3
i - Borgnjor's Vile Clut  Necr/Erth      31%        N/A       5%          5
u - Poisonous Vapours     Pois/Air       100%       N/A       1%          2
y - Scorch                Fire           100%       2d10      1%          2
z - Call Canine Familiar  Summ           63%        N/A       1%          3
X - Freezing Cloud        Conj/Ice/Air   31%        6-21      5%          5
Z - Ignite Poison         Fire/Tmut/Pois 65%        N/A       1%          3

Your spell library contained the following spells:

 Spells                   Type           Power      Damage    Failure   Level
 Sandblast                Erth           100%       2d20      1%          1
 Summon Small Mammal      Summ           100%       N/A       1%          1
 Blink                    Tloc           100%       N/A       1%          2
 Corpse Rot               Necr/Air       100%       N/A       1%          2
 Passwall                 Tmut/Erth      52%        N/A       1%          2
 Gell's Gravitas          Tloc           63%        N/A       1%          3
 Lesser Beckoning         Tloc           63%        N/A       1%          3
 Ozocubu's Armour         Ice            63%        N/A       1%          3
 Stone Arrow              Conj/Erth      100%       3d13      1%          3
 Summon Guardian Golem    Hex/Summ       63%        N/A       1%          3
 Teleport Other           Tloc           63%        N/A       1%          3
 Fulminant Prism          Conj/Hex       31%        3d16      1%          4
 Iskenderun's Mystic Bla  Conj/Tloc      63%        2d13      1%          4
 Petrify                  Tmut/Erth      63%        N/A       1%          4
 Alistair's Intoxication  Tmut/Pois      42%        N/A       5%          5
 Iskenderun's Battlesphe  Conj           63%        2d11      5%          5
 Lee's Rapid Deconstruct  Erth           31%        3d17*     5%          5
 Manifold Assault         Tloc           63%        N/A       5%          5
 Metabolic Englaciation   Hex/Ice        31%        N/A       5%          5
 Eringya's Noxious Bog    Tmut/Pois      31%        N/A       28%         6
 Iron Shot                Conj/Erth      31%        9d6       28%         6
 Statue Form              Tmut/Erth      42%        N/A       28%         6
 Orb of Destruction       Conj           31%        9d12      85%         7
 Ozocubu's Refrigeration  Ice            31%        4d11      85%         7
 Spellforged Servitor     Conj/Summ      31%        N/A       85%         7
 Chain Lightning          Conj/Air       31%        3d42      100%        9
 Fire Storm               Conj/Fire      33%        8d8       100%        9
 Shatter                  Erth           31%        3d26*     100%        9

Inventory:

Hand Weapons
 a - a +3 scimitar of flaming (weapon)
Missiles
 R - 14 curare-tipped darts {=f}
 U - a throwing net {=f}
Armour
 h - a +2 hat (worn)
 n - the +0 pair of fencer's gloves (worn) {Riposte Dex+3}

   It allows the wearer to riposte with melee weapons, swiftly retaliating
   against missed attacks.
   Dex:       It affects your dexterity (+3).
 q - a +2 robe of the Archmagi (worn)
 I - a +2 pair of boots (worn)
 N - a +0 cloak (worn)
Jewellery
 d - a ring of protection from fire
 m - a +4 ring of slaying (right hand)
 z - an amulet of the acrobat (around neck)
 A - a ring of see invisible
 D - a +6 ring of intelligence
 M - a +4 ring of protection (left hand)
 Q - a ring of ice
 T - a ring of resist corrosion
 X - a +6 ring of intelligence
Wands
 x - a wand of digging (17)
 L - a wand of iceblast (11)
 Y - a wand of polymorph (16)
 Z - a wand of mindburst (9)
Scrolls
 c - 6 scrolls of magic mapping
 e - 3 scrolls of immolation {!r}
 g - 2 scrolls of fog
 l - 6 scrolls of fear
 o - 3 scrolls of enchant weapon
 u - 2 scrolls of holy word
 v - a scroll of brand weapon
 w - 12 scrolls of teleportation {@r4}
 y - a scroll of summoning
 C - 2 scrolls of amnesia
 O - 2 scrolls of enchant armour
 S - a scroll of acquirement
 V - 2 scrolls of silence {!r}
 W - 3 scrolls of blinking
Potions
 b - a potion of magic {unknown}
 f - 2 potions of berserk rage {!q}
 i - 6 potions of curing {@q1}
 j - 4 potions of flight
 k - 2 potions of brilliance
 p - 3 potions of ambrosia
 r - 3 potions of resistance
 s - 2 potions of haste {@q3}
 t - 2 potions of invisibility
 B - a potion of mutation {unknown}
 E - 2 potions of cancellation {unknown}
 G - a potion of might {unknown}
 J - a potion of attraction {unknown}
 P - 2 potions of heal wounds {@q2}
Miscellaneous
 H - a condenser vane
 K - a phantom mirror

Dungeon Overview and Level Annotations

Branches:
Dungeon (12/15)            Temple (1/1) D:4            Lair (6/6) D:8
  Swamp (0/4) Lair:3       Spider (0/4) Lair:2          Orc (2/2) D:9
    Elf (0/3) Orc:2         Sewer (visited)           IceCv (visited)
  Slime: Lair:5-6

Altars:
Ashenzari
Cheibriados
Dithmenos
Elyvilon
Fedhas
Gozag
Hepliaklqana
Kikubaaqudgha
Makhleb
Nemelex Xobeh
Okawaru
Qazlal
Ru
Sif Muna
Trog
Uskayaw
Vehumet
Wu Jian
Xom
Yredelemnul
Zin
The Shining One
Beogh

Shops:
D:4 *   D:9 ?   Orc:2 ??[:

Annotations:
D:6 5 runed translucent doors
Orc:1 3 runed translucent doors, Elaep's ghost, journeyman MiCK; t4s4d4r's ghost, journeyman DgEE

▒.....▒▒▒.▒ ▒..h..+...▒▒▒
▒.....▒▒▒...▒▒▒ ▒'▒.▒▒▒
▒▒▒...▒▒▒▒ ...▒.'.▒
▒▒▒z.z.▒▒▒ ..o▒▒▒▒▒.▒
▒▒▒▒...▒ +.o.+.(...▒
▒▒▒.▒▒
▒▒▒▒▒....▒▒▒▒▒▒▒▒▒▒▒▒▒..▒
▒......T..÷gzz....[...▒
▒▒▒....▒▒▒▒▒▒▒▒▒▒▒▒▒▒▒▒
▒....▒ ▒......▒ ...▒▒▒▒▒▒
▒▒▒


You could see 2 skeletal warriors and a troll.


Message History

The skeletal warrior is moderately damaged.
The skeletal warrior's fire resistance burns away.
The skeletal warrior hits you with a +0 glaive!
The skeletal warrior is engulfed in blazing flames.
The skeletal warrior barely misses you.
Flames lash the skeletal warrior.
The skeletal warrior is lightly damaged.
The skeletal warrior's fire resistance burns away.
The skeletal warrior hits you with a +0 glaive!
The skeletal warrior is engulfed in blazing flames.
The skeletal warrior hits you from afar with a +0 glaive.
Flames lash the skeletal warrior.
The skeletal warrior is burned terribly!
The skeletal warrior is heavily damaged.
The skeletal warrior completely misses you.
The skeletal warrior hits you from afar with a +0 glaive!
* * * LOW HITPOINT WARNING * * *
A troll comes into view.
Flames lash the skeletal warrior but do no damage.
The skeletal warrior is no longer more vulnerable to fire.
The skeletal warrior hits you with a +0 glaive!
* * * LOW HITPOINT WARNING * * *
The skeletal warrior hits you from afar with a +0 glaive!!
* * * LOW HITPOINT WARNING * * *
Flames lash the skeletal warrior but do no damage.
The skeletal warrior is no longer more vulnerable to fire.
The skeletal warrior hits you with a +0 glaive!
* * * LOW HITPOINT WARNING * * *
The skeletal warrior hits you from afar with a +0 glaive!
You die...

Action                   |  1- 3 |  4- 6 |  7- 9 | 10-12 | 13-15 || total
-------------------------+-------+-------+-------+-------+-------++-------
Melee: Unarmed           |   120 |    53 |   255 |   232 |     6 ||   666
       Bite              |     6 |     3 |    17 |    27 |    32 ||    85
       Punch             |     2 |     1 |     7 |    12 |    23 ||    45
       Scimitar          |       |       |       |       |   411 ||   411
 Cast: Scorch            |     3 |    13 |   109 |   266 |    61 ||   452
       Poisonous Vapours |       |       |       |    74 |   121 ||   195
       Ignite Poison     |       |       |       |    43 |    78 ||   121
       Mephitic Cloud    |       |       |       |    18 |    11 ||    29
       Call Canine Famil |       |       |       |     3 |     1 ||     4
       Borgnjor's Vile C |       |       |       |     3 |       ||     3
       Freezing Cloud    |       |       |       |       |    26 ||    26
Evoke: Wand              |       |       |       |     2 |       ||     2
  Use: Scroll            |       |       |       |    13 |    10 ||    23
 Stab: Sleeping          |     1 |     1 |     8 |     1 |     5 ||    16
       Distracted        |       |       |     2 |       |       ||     2
       Confused          |       |       |       |     2 |     2 ||     4
Armor: Robe              |    25 |     9 |    43 |       |    19 ||    96
       Leather armour    |       |       |    54 |   162 |   230 ||   446
       Skin              |       |       |       |    10 |       ||    10
Dodge: Dodged            |    79 |    26 |   166 |   317 |   385 ||   973
       Rpst.: Unarmed    |       |       |       |    17 |       ||    17
       Scimitar          |       |       |       |       |   100 ||   100

Levels and vault maps discovered:
D:1:      dpeg_arrival_simpleton_b, layout_basic,
          chequers_ecumenical_altar_simple
D:2:      layout_basic, corexii_leaking_fountain
D:3:      layout_rooms, mainiacjoe_overflow_small_starburst,
          mainiacjoe_overflow_alcove_4, lightli_temple_of_fire,
          chequers_temple_overflow_statue_of_worship, uniq_jessica
D:4:      layout_basic, fedhas_altar_fruit_tree,
          minmay_temple_entry_enclosed_plants, serial_shops, shop,
          gammafunk_ghost_stat_death, eino_tiny_chamber
D:5:      lemuel_ratsnest, layout_basic, lightli_sewer_entry_pipes, uniq_duvessa
D:6:      layout_basic, minmay_guarded_unrand_staff_of_olgreb,
          uniq_blork_the_orc
D:7:      layout_cave_pods, mainiacjoe_overflow_paths, uniq_prince_ribbit1,
          uniq_crazy_yiuf_cottage, uniq_menkaure, uniq_maggie
D:8:      layout_rooms, lemuel_doored_altar, grunt_lair_entry_orc_guard_hut
D:9:      lemuel_castle_with_subvaults [lemuel_castle_interior_original],
          layout_stronghold, erik_orc_3, serial_shops, nicolae_shop_statue_plus
D:10:     layout_cave_pools, uniq_urug
D:11:     layout_cross
D:12:     nicolae_cairo_tiling_large, layout_rooms, serial_shops,
          nicolae_shop_overgrown_old_shop
Temple:   nicolae_temple_god_jail
Lair:1:   layout_long_grid, portal_ice_cave_entry_pillars_1,
          cheibrodos_lair_lostbears, uniq_erica, uniq_sonja
Lair:2:   nzn_winding_woodlands_medium [nzn_winding_woodlands_5x5_checkerboard,
          nzn_winding_woodlands_5x15_sawtooth,
          nzn_winding_woodlands_5x5_open_star, nzn_winding_woodlands_hourglass,
          nzn_winding_woodlands_center_lodge, nzn_winding_woodlands_5x5_three,
          nzn_winding_woodlands_5x5_perimeter,
          nzn_winding_woodlands_5x15_default,
          nzn_winding_woodlands_5x5_default], layout_cave_pods,
          spider_nest_entry_a, basic_altar
Lair:3:   layout_loops_ring, minmay_swamp_entry_worms
Lair:4:   layout_roguey
Lair:5:   dragon1_lemuel, layout_loops_ring, dpeg_slime_entry_corner,
          grunt_megastairs_2
Lair:6:   grunt_lair_end_beastmaster, layout_loops_ring, st_stairs_7
Orc:1:    layout_caves, gammafunk_ghost_cemetery
Orc:2:    kennysheep_orc_mage_school, layout_caves, elf_legates

Notes
Turn   | Place    | Note
-------+----------+-------------------------------------------
     0 | D:1      | sanka the Gnoll Cinder Acolyte began the quest for the Orb.
     0 | D:1      | Reached XP level 1. HP: 23/23 MP: 4/4
   327 | D:1      | Reached XP level 2. HP: 24/29 MP: 5/5
   388 | D:1      | Learned a level 2 spell: Scorch
   669 | D:1      | Found a faded altar of an unknown god.
   804 | D:1      | Reached XP level 3. HP: 35/35 MP: 7/7
  1263 | D:2      | Reached skill level 1 in Invocations
  1496 | D:2      | Reached skill level 1 in Short Blades
  1496 | D:2      | Reached skill level 1 in Long Blades
  1496 | D:2      | Reached skill level 1 in Axes
  1496 | D:2      | Reached skill level 1 in Maces & Flails
  1496 | D:2      | Reached skill level 1 in Polearms
  1496 | D:2      | Reached skill level 1 in Staves
  1496 | D:2      | Reached skill level 1 in Slings
  1496 | D:2      | Reached skill level 1 in Bows
  1496 | D:2      | Reached skill level 1 in Crossbows
  1496 | D:2      | Reached skill level 1 in Throwing
  1496 | D:2      | Reached skill level 1 in Armour
  1496 | D:2      | Reached skill level 1 in Dodging
  1496 | D:2      | Reached skill level 1 in Stealth
  1496 | D:2      | Reached skill level 1 in Shields
  1496 | D:2      | Reached skill level 1 in Evocations
  1700 | D:2      | Reached XP level 4. HP: 41/41 MP: 8/8
  1976 | D:3      | Found a shadowy altar of Dithmenos.
  1976 | D:3      | Found a shimmering blue altar of Sif Muna.
  1976 | D:3      | Found a sparkling altar of Nemelex Xobeh.
  2089 | D:3      | Reached skill level 3 in Spellcasting
  2152 | D:3      | Reached skill level 1 in Conjurations
  2152 | D:3      | Reached skill level 1 in Hexes
  2152 | D:3      | Reached skill level 1 in Summonings
  2152 | D:3      | Reached skill level 1 in Necromancy
  2152 | D:3      | Reached skill level 1 in Translocations
  2152 | D:3      | Reached skill level 1 in Transmutations
  2152 | D:3      | Reached skill level 1 in Ice Magic
  2152 | D:3      | Reached skill level 1 in Air Magic
  2152 | D:3      | Reached skill level 1 in Earth Magic
  2152 | D:3      | Reached skill level 1 in Poison Magic
  2218 | D:3      | Reached XP level 5. HP: 29/47 MP: 9/9
  2389 | D:3      | Found an opulent altar of Gozag.
  2443 | D:3      | Noticed a necrophage
  2449 | D:3      | Killed a necrophage
  2508 | D:3      | Noticed Jessica
  2514 | D:3      | Killed Jessica
  2515 | D:3      | Reached skill level 2 in Invocations
  2515 | D:3      | Reached XP level 6. HP: 53/53 MP: 5/11
  2605 | D:3      | Found a hazy altar of Hepliaklqana.
  2716 | D:3      | Found a burning altar of Makhleb.
  2775 | D:4      | Found Mexuat's Assorted Antiques.
  2781 | D:4      | Noticed Sassenached's ghost (weakling DgWn)
  2797 | D:4      | Found a transporter.
  2846 | D:4      | Noticed a black bear
  2855 | D:4      | Killed a black bear
  2856 | D:4      | Reached skill level 2 in Short Blades
  2856 | D:4      | Reached skill level 2 in Long Blades
  2856 | D:4      | Reached skill level 2 in Axes
  2856 | D:4      | Reached skill level 2 in Maces & Flails
  2856 | D:4      | Reached skill level 2 in Polearms
  2856 | D:4      | Reached skill level 2 in Staves
  2856 | D:4      | Reached skill level 2 in Slings
  2856 | D:4      | Reached skill level 2 in Bows
  2856 | D:4      | Reached skill level 2 in Crossbows
  2856 | D:4      | Reached skill level 2 in Throwing
  2856 | D:4      | Reached skill level 2 in Armour
  2856 | D:4      | Reached skill level 2 in Dodging
  2856 | D:4      | Reached skill level 2 in Stealth
  2856 | D:4      | Reached skill level 2 in Shields
  2856 | D:4      | Reached skill level 2 in Evocations
  2916 | D:4      | Found a transporter.
  3042 | D:4      | Reached XP level 7. HP: 59/59 MP: 5/12
  3339 | D:4      | Found a blossoming altar of Fedhas.
  3515 | D:4      | Found a staircase to the Ecumenical Temple.
  3576 | D:4      | Reached skill level 7 in Fighting
  3576 | D:4      | Reached skill level 7 in Unarmed Combat
  3614 | Temple   | Entered the Ecumenical Temple
  3830 | D:4      | Learned a level 2 spell: Poisonous Vapours
  3991 | D:4      | Reached skill level 2 in Conjurations
  3991 | D:4      | Reached skill level 2 in Hexes
  3991 | D:4      | Reached skill level 2 in Summonings
  3991 | D:4      | Reached skill level 2 in Necromancy
  3991 | D:4      | Reached skill level 2 in Translocations
  3991 | D:4      | Reached skill level 2 in Transmutations
  3991 | D:4      | Reached skill level 2 in Ice Magic
  3991 | D:4      | Reached skill level 2 in Air Magic
  3991 | D:4      | Reached skill level 2 in Earth Magic
  3991 | D:4      | Reached skill level 2 in Poison Magic
  4304 | D:4      | Killed Sassenached's ghost
  4305 | D:4      | Reached skill level 3 in Invocations
  4411 | D:5      | Entered Level 5 of the Dungeon
  4425 | D:5      | Reached skill level 4 in Spellcasting
  4476 | D:5      | Reached skill level 6 in Fire Magic
  4476 | D:5      | Reached XP level 8. HP: 67/67 MP: 9/14
  4566 | D:5      | Reached skill level 3 in Short Blades
  4566 | D:5      | Reached skill level 3 in Long Blades
  4566 | D:5      | Reached skill level 3 in Axes
  4566 | D:5      | Reached skill level 3 in Maces & Flails
  4566 | D:5      | Reached skill level 3 in Polearms
  4566 | D:5      | Reached skill level 3 in Staves
  4566 | D:5      | Reached skill level 3 in Slings
  4566 | D:5      | Reached skill level 3 in Bows
  4566 | D:5      | Reached skill level 3 in Crossbows
  4566 | D:5      | Reached skill level 3 in Throwing
  4566 | D:5      | Reached skill level 3 in Armour
  4566 | D:5      | Reached skill level 3 in Dodging
  4566 | D:5      | Reached skill level 3 in Stealth
  4566 | D:5      | Reached skill level 3 in Shields
  4566 | D:5      | Reached skill level 3 in Evocations
  4602 | D:5      | Found a glowing drain.
  4653 | Sewer    | Entered a sewer
  5304 | D:5      | Noticed Dowan
  5306 | D:5      | Noticed Duvessa
  5329 | D:5      | Killed Duvessa
  6049 | D:5      | Reached skill level 3 in Conjurations
  6049 | D:5      | Reached skill level 3 in Hexes
  6049 | D:5      | Reached skill level 3 in Summonings
  6049 | D:5      | Reached skill level 3 in Necromancy
  6049 | D:5      | Reached skill level 3 in Translocations
  6049 | D:5      | Reached skill level 3 in Transmutations
  6049 | D:5      | Reached skill level 3 in Ice Magic
  6049 | D:5      | Reached skill level 3 in Air Magic
  6049 | D:5      | Reached skill level 3 in Earth Magic
  6049 | D:5      | Reached skill level 3 in Poison Magic
  6049 | D:5      | Reached skill level 4 in Invocations
  6632 | D:5      | Killed Dowan
  6737 | D:6      | Reached XP level 9. HP: 72/72 MP: 9/16
  6974 | D:6      | Found the +9 staff of Olgreb {rPois∞}
  6991 | D:6      | Found a runed translucent door.
  7006 | D:6      | Noticed Blork the orc
  7008 | D:6      | Reached skill level 4 in Short Blades
  7008 | D:6      | Reached skill level 4 in Long Blades
  7008 | D:6      | Reached skill level 4 in Axes
  7008 | D:6      | Reached skill level 4 in Maces & Flails
  7008 | D:6      | Reached skill level 4 in Polearms
  7008 | D:6      | Reached skill level 4 in Staves
  7008 | D:6      | Reached skill level 4 in Slings
  7008 | D:6      | Reached skill level 4 in Bows
  7008 | D:6      | Reached skill level 4 in Crossbows
  7008 | D:6      | Reached skill level 4 in Throwing
  7008 | D:6      | Reached skill level 4 in Armour
  7008 | D:6      | Reached skill level 4 in Dodging
  7008 | D:6      | Reached skill level 4 in Stealth
  7008 | D:6      | Reached skill level 4 in Shields
  7008 | D:6      | Reached skill level 5 in Spellcasting
  7008 | D:6      | Reached skill level 4 in Evocations
  7046 | D:6      | Killed Blork the orc
  7506 | D:6      | Reached skill level 8 in Fighting
  7506 | D:6      | Reached skill level 8 in Unarmed Combat
  7700 | D:6      | Found a runed translucent gate.
  7700 | D:6      | Found a runed translucent gate.
  7702 | D:6      | Found a runed translucent gate.
  7714 | D:6      | Found a runed translucent door.
  7924 | D:6      | Reached skill level 5 in Invocations
  8404 | D:7      | Noticed Prince Ribbit
  8410 | D:7      | Killed Prince Ribbit
  8604 | D:7      | Found a runed translucent door.
  8605 | D:7      | Noticed Crazy Yiuf
  8651 | D:7      | Noticed Menkaure
  8653 | D:7      | Killed Menkaure
  8694 | D:7      | Reached XP level 10. HP: 79/80 MP: 11/18
  8805 | D:7      | Identified +0 steam dragon scales
  8805 | D:7      | Noticed Maggie
  8819 | D:7      | Killed Maggie
  8820 | D:7      | Reached skill level 4 in Conjurations
  8820 | D:7      | Reached skill level 4 in Hexes
  8820 | D:7      | Reached skill level 4 in Summonings
  8820 | D:7      | Reached skill level 4 in Necromancy
  8820 | D:7      | Reached skill level 4 in Translocations
  8820 | D:7      | Reached skill level 4 in Transmutations
  8820 | D:7      | Reached skill level 4 in Ice Magic
  8820 | D:7      | Reached skill level 4 in Air Magic
  8820 | D:7      | Reached skill level 4 in Earth Magic
  8820 | D:7      | Reached skill level 4 in Poison Magic
  8991 | D:7      | Identified +0 steam dragon scales
  8992 | D:7      | Reached skill level 5 in Short Blades
  8992 | D:7      | Reached skill level 5 in Long Blades
  8992 | D:7      | Reached skill level 5 in Axes
  8992 | D:7      | Reached skill level 5 in Maces & Flails
  8992 | D:7      | Reached skill level 5 in Polearms
  8992 | D:7      | Reached skill level 5 in Staves
  8992 | D:7      | Reached skill level 5 in Slings
  8992 | D:7      | Reached skill level 5 in Bows
  8992 | D:7      | Reached skill level 5 in Crossbows
  8992 | D:7      | Reached skill level 5 in Throwing
  8992 | D:7      | Reached skill level 5 in Armour
  8992 | D:7      | Reached skill level 5 in Dodging
  8992 | D:7      | Reached skill level 5 in Stealth
  8992 | D:7      | Reached skill level 5 in Shields
  8992 | D:7      | Reached skill level 5 in Evocations
  9154 | D:7      | Found a bloodstained altar of Trog.
  9277 | D:7      | Reached skill level 7 in Fire Magic
  9678 | D:7      | Killed Crazy Yiuf
  9769 | D:8      | Identified the +6 dagger "Voedgh" {vorpal, rPois rN+}
  9777 | D:8      | Noticed a seven-headed hydra
  9930 | D:7      | Reached skill level 6 in Spellcasting
 10499 | D:8      | Found a glowing golden altar of the Shining One.
 10601 | D:8      | Killed a seven-headed hydra
 10602 | D:8      | Reached skill level 6 in Invocations
 10866 | D:8      | Found a staircase to the Lair.
 11250 | D:9      | Found Sif Niteu's Magic Scroll Boutique.
 11300 | D:9      | Learned a level 3 spell: Ignite Poison
 11304 | D:9      | Learned a level 3 spell: Mephitic Cloud
 11308 | D:9      | Learned a level 3 spell: Call Canine Familiar
 11611 | D:9      | Reached XP level 11. HP: 87/87 MP: 11/20
 11713 | D:9      | Found a staircase to the Orcish Mines.
 11897 | D:9      | Noticed an orc knight
 11933 | D:9      | Reached skill level 9 in Fighting
 11933 | D:9      | Reached skill level 6 in Short Blades
 11933 | D:9      | Reached skill level 6 in Long Blades
 11933 | D:9      | Reached skill level 6 in Axes
 11933 | D:9      | Reached skill level 6 in Maces & Flails
 11933 | D:9      | Reached skill level 6 in Polearms
 11933 | D:9      | Reached skill level 6 in Staves
 11933 | D:9      | Reached skill level 6 in Slings
 11933 | D:9      | Reached skill level 6 in Bows
 11933 | D:9      | Reached skill level 6 in Crossbows
 11933 | D:9      | Reached skill level 6 in Throwing
 11933 | D:9      | Reached skill level 6 in Armour
 11933 | D:9      | Reached skill level 6 in Dodging
 11933 | D:9      | Reached skill level 6 in Stealth
 11933 | D:9      | Reached skill level 6 in Shields
 11933 | D:9      | Reached skill level 9 in Unarmed Combat
 11933 | D:9      | Reached skill level 6 in Evocations
 12364 | D:9      | Reached skill level 5 in Conjurations
 12364 | D:9      | Reached skill level 5 in Hexes
 12364 | D:9      | Reached skill level 5 in Summonings
 12364 | D:9      | Reached skill level 5 in Necromancy
 12364 | D:9      | Reached skill level 5 in Translocations
 12364 | D:9      | Reached skill level 5 in Transmutations
 12364 | D:9      | Reached skill level 5 in Ice Magic
 12364 | D:9      | Reached skill level 5 in Air Magic
 12364 | D:9      | Reached skill level 5 in Earth Magic
 12364 | D:9      | Reached skill level 5 in Poison Magic
 12456 | D:9      | Noticed a two-headed ogre
 12460 | D:9      | Killed a two-headed ogre
 12781 | D:9      | Noticed a two-headed ogre
 12786 | D:9      | Killed a two-headed ogre
 12841 | D:9      | Reached skill level 7 in Spellcasting
 13117 | D:9      | Noticed a cyclops
 13124 | D:9      | Killed a cyclops
 13125 | D:9      | Reached skill level 7 in Invocations
 13177 | D:9      | Killed an orc knight
 14755 | D:10     | Entered Level 10 of the Dungeon
 15031 | D:10     | Reached skill level 8 in Fire Magic
 15031 | D:10     | Reached XP level 12. HP: 85/94 MP: 9/23
 15164 | D:10     | Noticed Urug
 15174 | D:10     | Killed Urug
 15348 | D:9      | Bought a scroll of amnesia for 42 gold pieces
 15348 | D:9      | Bought a scroll of identify for 24 gold pieces
 15348 | D:9      | Bought a scroll of immolation for 42 gold pieces
 15348 | D:9      | Bought a scroll of noise for 12 gold pieces
 15348 | D:9      | Bought a scroll of fear for 42 gold pieces
 15352 | D:9      | Identified 2 scrolls of acquirement
 15356 | D:9      | Acquired the +0 pair of fencer's gloves {Riposte Dex+3}
 15356 | D:9      | Found the +0 pair of fencer's gloves {Riposte Dex+3}
 15459 | D:9      | Reached skill level 7 in Short Blades
 15459 | D:9      | Reached skill level 7 in Long Blades
 15459 | D:9      | Reached skill level 7 in Axes
 15459 | D:9      | Reached skill level 7 in Maces & Flails
 15459 | D:9      | Reached skill level 7 in Polearms
 15459 | D:9      | Reached skill level 7 in Staves
 15459 | D:9      | Reached skill level 7 in Slings
 15459 | D:9      | Reached skill level 7 in Bows
 15459 | D:9      | Reached skill level 7 in Crossbows
 15459 | D:9      | Reached skill level 7 in Throwing
 15459 | D:9      | Reached skill level 7 in Armour
 15459 | D:9      | Reached skill level 7 in Dodging
 15459 | D:9      | Reached skill level 7 in Stealth
 15459 | D:9      | Reached skill level 7 in Shields
 15459 | D:9      | Reached skill level 7 in Evocations
 16168 | D:11     | Noticed a two-headed ogre
 16171 | D:11     | Killed a two-headed ogre
 16172 | D:11     | Reached skill level 6 in Conjurations
 16172 | D:11     | Reached skill level 6 in Hexes
 16172 | D:11     | Reached skill level 6 in Summonings
 16172 | D:11     | Reached skill level 6 in Necromancy
 16172 | D:11     | Reached skill level 6 in Translocations
 16172 | D:11     | Reached skill level 6 in Transmutations
 16172 | D:11     | Reached skill level 6 in Ice Magic
 16172 | D:11     | Reached skill level 6 in Air Magic
 16172 | D:11     | Reached skill level 6 in Earth Magic
 16172 | D:11     | Reached skill level 6 in Poison Magic
 16394 | D:11     | Reached skill level 8 in Invocations
 16673 | D:11     | Noticed a boulder beetle
 16679 | D:11     | Killed a boulder beetle
 17037 | Lair:1   | Entered Level 1 of the Lair of Beasts
 17106 | Lair:1   | Reached skill level 8 in Spellcasting
 17114 | Lair:1   | Reached skill level 10 in Fighting
 17114 | Lair:1   | Reached skill level 10 in Unarmed Combat
 17283 | Lair:1   | Found a frozen archway.
 17306 | IceCv    | Entered an ice cave
 17510 | IceCv    | Identified +0 ice dragon scales
 18355 | Lair:1   | Noticed Sonja
 18358 | Lair:1   | Killed Sonja
 18553 | Lair:1   | Learned a level 5 spell: Borgnjor's Vile Clutch
 18691 | Lair:1   | Noticed Erica
 18712 | Lair:1   | Reached XP level 13. HP: 46/103 MP: 12/25
 18721 | Lair:1   | Killed Erica
 19355 | Lair:2   | Reached skill level 8 in Short Blades
 19355 | Lair:2   | Reached skill level 8 in Long Blades
 19355 | Lair:2   | Reached skill level 8 in Axes
 19355 | Lair:2   | Reached skill level 8 in Maces & Flails
 19355 | Lair:2   | Reached skill level 8 in Polearms
 19355 | Lair:2   | Reached skill level 8 in Staves
 19355 | Lair:2   | Reached skill level 8 in Slings
 19355 | Lair:2   | Reached skill level 8 in Bows
 19355 | Lair:2   | Reached skill level 8 in Crossbows
 19355 | Lair:2   | Reached skill level 8 in Throwing
 19355 | Lair:2   | Reached skill level 8 in Armour
 19355 | Lair:2   | Reached skill level 8 in Dodging
 19355 | Lair:2   | Reached skill level 8 in Stealth
 19355 | Lair:2   | Reached skill level 8 in Shields
 19355 | Lair:2   | Reached skill level 8 in Evocations
 19391 | Lair:2   | Learned a level 5 spell: Freezing Cloud
 19512 | Lair:2   | Found a hole to the Spider Nest.
 20182 | Lair:2   | Reached skill level 9 in Invocations
 20903 | Lair:2   | Found a blossoming altar of Fedhas.
 21571 | Lair:3   | Reached skill level 7 in Conjurations
 21571 | Lair:3   | Reached skill level 7 in Hexes
 21571 | Lair:3   | Reached skill level 7 in Summonings
 21571 | Lair:3   | Reached skill level 7 in Necromancy
 21571 | Lair:3   | Reached skill level 7 in Translocations
 21571 | Lair:3   | Reached skill level 7 in Transmutations
 21571 | Lair:3   | Reached skill level 9 in Fire Magic
 21571 | Lair:3   | Reached skill level 7 in Ice Magic
 21571 | Lair:3   | Reached skill level 7 in Air Magic
 21571 | Lair:3   | Reached skill level 7 in Earth Magic
 21571 | Lair:3   | Reached skill level 7 in Poison Magic
 21848 | Lair:3   | Reached skill level 9 in Spellcasting
 22661 | Lair:3   | Found a staircase to the Swamp.
 23566 | Lair:4   | HP: 8/105 [death yak (11)]
 23570 | Lair:4   | Reached skill level 11 in Fighting
 23570 | Lair:4   | Reached skill level 11 in Unarmed Combat
 23570 | Lair:4   | Reached XP level 14. HP: 10/113 MP: 19/27
 24449 | Lair:5   | Reached skill level 9 in Short Blades
 24449 | Lair:5   | Reached skill level 9 in Long Blades
 24449 | Lair:5   | Reached skill level 9 in Axes
 24449 | Lair:5   | Reached skill level 9 in Maces & Flails
 24449 | Lair:5   | Reached skill level 9 in Polearms
 24449 | Lair:5   | Reached skill level 9 in Staves
 24449 | Lair:5   | Reached skill level 9 in Slings
 24449 | Lair:5   | Reached skill level 9 in Bows
 24449 | Lair:5   | Reached skill level 9 in Crossbows
 24449 | Lair:5   | Reached skill level 9 in Throwing
 24449 | Lair:5   | Reached skill level 9 in Armour
 24449 | Lair:5   | Reached skill level 9 in Dodging
 24449 | Lair:5   | Reached skill level 9 in Stealth
 24449 | Lair:5   | Reached skill level 9 in Shields
 24449 | Lair:5   | Reached skill level 9 in Evocations
 24774 | Lair:5   | Reached skill level 10 in Invocations
 25342 | Lair:5   | Identified 3 potions of resistance
 25782 | Lair:6   | Entered Level 6 of the Lair of Beasts
 26750 | Lair:6   | Reached skill level 10 in Spellcasting
 26950 | Lair:5   | Reached skill level 8 in Conjurations
 26950 | Lair:5   | Reached skill level 8 in Hexes
 26950 | Lair:5   | Reached skill level 8 in Summonings
 26950 | Lair:5   | Reached skill level 8 in Necromancy
 26950 | Lair:5   | Reached skill level 8 in Translocations
 26950 | Lair:5   | Reached skill level 8 in Transmutations
 26950 | Lair:5   | Reached skill level 8 in Ice Magic
 26950 | Lair:5   | Reached skill level 8 in Air Magic
 26950 | Lair:5   | Reached skill level 8 in Earth Magic
 26950 | Lair:5   | Reached skill level 8 in Poison Magic
 27808 | Lair:6   | Identified the +2 robe of the Stone Wall {SInv}
 27811 | Lair:6   | Identified the +8 hand crossbow of a ziggurat {elec,
                  | *Corrode rN+ Dex+3}
 28020 | Lair:6   | Reached XP level 15. HP: 70/120 MP: 15/29
 28416 | Orc:1    | Entered Level 1 of the Orcish Mines
 28614 | Orc:2    | Entered Level 2 of the Orcish Mines
 28899 | Orc:2    | Noticed an orc warlord
 28904 | Orc:2    | Reached skill level 10 in Fire Magic
 28911 | Orc:2    | Killed an orc warlord
 29548 | Orc:2    | Reached skill level 10 in Short Blades
 29548 | Orc:2    | Reached skill level 10 in Long Blades
 29548 | Orc:2    | Reached skill level 10 in Axes
 29548 | Orc:2    | Reached skill level 10 in Maces & Flails
 29548 | Orc:2    | Reached skill level 10 in Polearms
 29548 | Orc:2    | Reached skill level 10 in Staves
 29548 | Orc:2    | Reached skill level 10 in Slings
 29548 | Orc:2    | Reached skill level 10 in Bows
 29548 | Orc:2    | Reached skill level 10 in Crossbows
 29548 | Orc:2    | Reached skill level 10 in Throwing
 29548 | Orc:2    | Reached skill level 10 in Armour
 29548 | Orc:2    | Reached skill level 10 in Dodging
 29548 | Orc:2    | Reached skill level 10 in Stealth
 29548 | Orc:2    | Reached skill level 10 in Shields
 29548 | Orc:2    | Reached skill level 10 in Evocations
 29665 | Orc:2    | Found a staircase to the Elven Halls.
 29808 | Orc:2    | Found Umamereh's Magic Scroll Shoppe.
 29848 | Orc:2    | Found an ancient bone altar of Kikubaaqudgha.
 29848 | Orc:2    | Noticed Nergalle
 29851 | Orc:2    | Identified a +2 robe of the Archmagi
 29856 | Orc:2    | Killed Nergalle
 29921 | Orc:2    | Found Rijis's Magic Scroll Shoppe.
 29929 | Orc:2    | Noticed Erolcha
 29930 | Orc:2    | Identified a +1 robe of resistance
 29933 | Orc:2    | Killed Erolcha
 30029 | Orc:2    | Found a radiant altar of Vehumet.
 30058 | Orc:2    | Found Noith's Antique Armour Shoppe.
 30058 | Orc:2    | Found Efiarch's Book Emporium.
 30071 | Orc:2    | Reached skill level 11 in Invocations
 30167 | Orc:2    | Paralysed by an orc sorcerer for 7 turns
 30177 | Orc:2    | Reached skill level 12 in Fighting
 30177 | Orc:2    | Reached skill level 12 in Unarmed Combat
 30616 | Orc:1    | Found a runed translucent gate.
 30619 | Orc:1    | Found a runed translucent gate.
 30620 | Orc:1    | Found a runed translucent gate.
 30633 | Orc:1    | Noticed t4s4d4r's ghost (journeyman DgEE)
 30633 | Orc:1    | Noticed Elaep's ghost (journeyman MiCK)
 30969 | Orc:2    | Upgraded the game from 0.28-a0-1356-g2ad6d04315 to
                  | 0.28-a0-1374-ga75cb3825e
 31652 | D:12     | HP: 6/120 [skeletal warrior[a skeletal warrior] (15)]
 31652 | D:12     | Slain by a skeletal warrior

Vanquished Creatures
  An orc warlord (Orc:2)
  A fire dragon (Lair:5)
  2 boulder beetles
  8 hydras
  Erolcha (Orc:2)
  Erica (Lair:1)
  2 catoblepae
  5 two-headed ogres
  An ogre mage (Orc:2)
  A deep troll shaman (Lair:6)
  An orc high priest (Orc:2)
  20 death yaks
  Urug (D:10)
  Sonja (Lair:1)
  A deep elf knight (Orc:2)
  Nergalle (Orc:2)
  A skeletal warrior (D:11)
  2 orc knights
  A deep elf zephyrmancer (Orc:2)
  8 orc sorcerers (Orc:2)
  An ugly thing (IceCv)
  A cyclops (D:9)
  3 elephants (Lair:6)
  A torpor snail (Lair:3)
  3 black mambas
  9 cane toads
  3 ice statues (IceCv)
  An unseen horror (D:11)
  Maggie (D:7)
  3 rime drakes
  2 kobold demonologists (D:9)
  15 komodo dragons
  A freezing wraith (IceCv)
  2 entropy weaver simulacra (IceCv)
  6 polar bears
  4 trolls
  Prince Ribbit (D:7)
  16 blink frogs
  2 dream sheep (Lair:3)
  A wraith (D:11)
  42 yaks
  2 basilisks
  A vampire mosquito (D:9)
  A steam dragon (D:7)
  Menkaure (D:7)
  2 death yak simulacra (IceCv)
  13 wargs
  2 harpy simulacra (IceCv)
  An acid dragon (D:7)
  14 water moccasins
  Duvessa (D:5)
  15 orc warriors
  A hell hound (D:9)
  An ice beast (D:6)
  2 sky beasts
  3 necrophages
  7 black bears
  23 wolves
  11 ogres
  2 centaurs
  6 kobold brigands (D:9)
  11 bullfrogs
  Blork the orc (D:6)
  8 gnoll sergeants
  A wyvern zombie (D:7)
  4 scorpions
  A water moccasin zombie (D:5)
  A cane toad simulacrum (IceCv)
  Dowan (D:5)
  The ghost of Sassenached the Chiller, a weakling DgWn (D:4)
  An elephant simulacrum (IceCv)
  10 wights (D:9)
  8 howler monkeys
  6 centaur zombies
  3 bullfrog zombies
  3 quasits (D:4)
  2 hounds
  6 gnoll shamans (D:9)
  16 orc priests
  Crazy Yiuf (D:7)
  A centaur skeleton (D:5)
  Jessica (D:3)
  6 iguanas
  45 orc wizards
  8 hell rats
  A wolf simulacrum (IceCv)
  A howler monkey zombie (D:7)
  7 gnolls
  A howler monkey skeleton (D:5)
  15 river rats
  12 adders
  A white imp (D:8)
  2 ufetubi
  4 worms
  3 dart slugs
  57 orcs
  4 bats
  4 endoplasms
  6 giant cockroaches
  5 hobgoblins
  5 jackals
  11 kobolds
  12 quokkas
  5 ball pythons
  9 frilled lizards
  8 goblins
  33 rats
639 creatures vanquished.

Vanquished Creatures (collateral kills)
  A troll (D:9)
  An orc (D:9)
2 creatures vanquished.

Vanquished Creatures (others)
  2 orc wizards
  An orc (D:9)
  60 fungi
  57 plants
  4 withered plants (Orc:1)
124 creatures vanquished.

Grand Total: 765 creatures vanquished
